 Dungeon Crawl Stone Soup version 0.29.1-1-gd02db6906a (webtiles) character file.

Game seed: 14861032364849301668

735 jimonade the Magician (level 8, -10/50 HPs)
             Began as a Djinni Summoner on Sept 18, 2022.
             Mangled by a gnoll sergeant
             ... wielding a +5 spear of venom
              (15 damage)
             ... on level 5 of the Dungeon.
             The game lasted 00:13:48 (5998 turns).

jimonade the Magician (Djinni Summoner)             Turns: 5998, Time: 00:13:48

Health: -10/50     AC:  3    Str:  7    XL:     8   Next: 4%
Gold:   217        EV:  6    Int: 19    God:
                   SH:  0    Dex: 14

rFire   + + .      SeeInvis .   r - +0 spear (vorpal)
rCold   x . .      Faith    .   (no shield)
rNeg    . . .      Spirit   .   a - +0 robe
rPois   ∞          Reflect  .   v - +0 helmet
rElec   .          Harm     .   (no cloak)
rCorr   .          Rampage  .   (no gloves)
Will    .....                   (boots unavailable)
Stlth   ++........              (no amulet)
HPRegen 0.16/turn               (no ring)
MPRegen 0.00/turn               (no ring)

@: flying, very slightly contaminated, held
A: sickness immunity, fire resistance 2, cold vulnerability 1, float, innate
caster, HP casting, extra vitality 1
a: no special abilities


You were on level 5 of the Dungeon.
You visited 1 branch of the dungeon, and saw 5 of its levels.
You also visited: Sewer.

You collected 217 gold pieces.

Inventory:

Hand Weapons
 b - a +0 whip
 h - a +0 dagger
 r - a +0 vorpal spear (weapon)
 w - a +0 sling
 x - a +0 rapier of protection
Missiles
 n - 14 poisoned darts
Armour
 a - a +0 robe (worn)
 d - a +0 leather armour
 e - a +0 ring mail of cold resistance
 f - a +0 chain mail
 s - a +0 helmet
 v - a +0 helmet (worn)
Jewellery
 y - an amulet of reflection
Scrolls
 i - a scroll of blinking
 j - a scroll of identify
 t - a scroll of butterflies {unknown}
 u - 2 scrolls of acquirement {unknown}
 B - a scroll of amnesia {unknown}
Potions
 c - a potion of berserk rage {unknown}
 g - a potion of brilliance
 k - 2 potions of lignification {unknown}
 l - a potion of heal wounds {unknown}
 m - 4 potions of might
 o - a potion of curing {unknown}
 p - a potion of invisibility {unknown}
 q - 4 potions of mutation {unknown}
 z - 3 potions of cancellation {unknown}
 A - a potion of flight {unknown}


   Skills:
 - Level 2.1 Dodging
 - Level 1.5 Stealth
 + Level 7.2 Spellcasting


You had 3 spell levels left.
You knew the following spells:

 Your Spells              Type           Power      Damage    Failure   Level
a - Summon Small Mammal   Summ           100%       N/A       1%          1
b - Call Imp              Summ           34%        N/A       1%          2
c - Call Canine Familiar  Summ           34%        N/A       1%          3
d - Summon Guardian Gole  Hex/Summ       34%        N/A       1%          3
e - Summon Lightning Spi  Summ/Air       34%        N/A       4%          4
f - Sandblast             Erth           68%        2d15      1%          1
g - Blink                 Tloc           68%        N/A       1%          2
h - Poisonous Vapours     Pois/Air       68%        N/A       1%          2
Your spell library was empty.

Dungeon Overview and Level Annotations

Branches:
Dungeon (5/15)              Sewer (visited)
 Temple: D:4-7

Altars:
Dithmenos
Fedhas
Okawaru
Uskayaw
Yredelemnul
The Shining One

Shops:
D:3 :


Innate Abilities, Weirdness & Mutations

You are immune to sickness and miasma.
You are immune to poison.
Your flesh is very heat resistant. (rF++)
You are vulnerable to cold. (rC-)
You float through the air rather than walking.
You learn spells naturally, not from books.
Your magical power is your life essence.
You have superior vitality. (+4 MHP)


Message History

Confirm with . or Enter, or press ? or * to list all spells.
An electric hum fills the air.
Found a blackened bone wand.
The gnoll shouts!
A gnoll comes into view. It is wielding a +0 halberd.
Your lightning spire shoots out a bolt of lightning at the gnoll!
The bolt of electricity hits the gnoll.
Casting: Summon Lightning Spire (dangerous; 4% risk of failure)
Confirm with . or Enter, or press ? or * to list all spells.
Okay, then.
Your lightning spire shoots out a bolt of lightning at the gnoll!
The bolt of electricity hits the gnoll!
The gnoll dies!
The gnoll shouts!
A gnoll sergeant comes into view. It is wielding a +5 spear of venom.
The gnoll sergeant shouts!
The gnoll throws a throwing net.
The throwing net hits you.
You become entangled in the net!
You see here a throwing net.
Casting: Summon Lightning Spire (dangerous; 4% risk of failure)
Confirm with . or Enter, or press ? or * to list all spells.
You miscast Call Canine Familiar.
You are very lightly contaminated with residual magic.
Nothing appears to happen.
Casting: Call Canine Familiar (safe; 1% risk of failure)
Confirm with . or Enter, or press ? or * to list all spells.
You tear a large gash into the net.
Your wolf bites the gnoll sergeant.
The gnoll sergeant hits you from afar with a +5 spear of venom!
You struggle against the net.
Your wolf closely misses the gnoll sergeant.
Your wolf bites the gnoll sergeant!
The gnoll hits you but does no damage.
The gnoll sergeant hits you from afar with a +5 spear of venom!
* * * LOW HITPOINT WARNING * * *
You struggle against the net.
Your wolf bites the gnoll sergeant. x2
The gnoll hits you from afar with a +0 spear.
* * * LOW HITPOINT WARNING * * *
The gnoll hits you from afar with a +0 halberd.
* * * LOW HITPOINT WARNING * * *
The gnoll sergeant hits you from afar with a +5 spear of venom!
You die...

#.# #.# #[.._.. ... #.#
##...... # #.# #.#
#....... #. #)# #.#
##._).♣.. #
#.##.###.###........
###.#.#........#.#......
./.>..ggg............_..
#....h.....#.........[
###.#@#.##.#####..#...
#..#8#.# #......
###.##.# .##... .##.#
.###.. ##.# #. #.# ..#


You could see a gnoll sergeant (ally target), 2 gnolls and a friendly wolf
(summoned).

Vanquished Creatures
  An adder (Sewer)
  A white imp (D:4)
  2 worms (D:4)
  A dart slug (D:2)
  3 orcs
  3 ball pythons (D:1)
  An endoplasm (Sewer)
  A giant cockroach (Sewer)
  2 kobolds
  A quokka (D:4)
  A bat (D:3)
  A frilled lizard (D:3)
  3 rats
21 creatures vanquished.

Vanquished Creatures (collateral kills)
  An ogre (D:4)
  A centaur (D:5)
  A phantom (D:3)
  A necrophage (D:4)
  5 jellies (Sewer)
  An iguana (D:4)
  An orc wizard (D:4)
  4 gnolls
  5 adders
  2 river rats (D:4)
  3 worms
  3 dart slugs
  3 orcs (D:3)
  6 ball pythons
  13 endoplasms
  3 giant cockroaches
  4 goblins
  3 hobgoblins
  4 jackals (D:2)
  2 quokkas
  5 bats
  3 frilled lizards
  4 kobolds
  9 rats
87 creatures vanquished.

Vanquished Creatures (others)
  2 fungi (D:2)
  5 plants (D:2)
7 creatures vanquished.

Grand Total: 115 creatures vanquished

Notes
Turn   | Place    | Note
-------+----------+-------------------------------------------
     0 | D:1      | jimonade the Djinni Summoner began the quest for the Orb.
     0 | D:1      | jimonade set off with the following spells memorised:
                  | Summon Small Mammal, Call Imp, Call Canine Familiar, Summon
                  | Guardian Golem, Summon Lightning Spire.
     0 | D:1      | Reached XP level 1. HP: 15/15 MP: 0/0
   363 | D:1      | Reached XP level 2. HP: 18/21 MP: 0/0
   863 | D:1      | Reached XP level 3. HP: 21/25 MP: 0/0
   863 | D:1      | Learned a level 1 spell: Sandblast
   915 | D:1      | You are sucked into a shaft and drop 1 floor!
  1095 | D:1      | Reached skill level 4 in Spellcasting
  1738 | D:2      | Reached XP level 4. HP: 26/31 MP: 0/0
  1939 | D:2      | Found a faded altar of an unknown god.
  2564 | D:3      | Found Caakixt's Book Shop.
  2628 | D:3      | Noticed a phantom
  2639 | D:3      | Killed a phantom
  2640 | D:3      | Reached skill level 5 in Spellcasting
  2640 | D:3      | Reached XP level 5. HP: 25/35 MP: 0/0
  2640 | D:3      | Learned a level 2 spell: Blink
  3564 | D:3      | Reached XP level 6. HP: 34/40 MP: 0/0
  3819 | D:4      | Found a glowing golden altar of the Shining One.
  3979 | D:4      | Found a glowing drain.
  3987 | Sewer    | Entered a sewer
  4315 | Sewer    | Reached skill level 6 in Spellcasting
  4346 | Sewer    | Reached XP level 7. HP: 20/45 MP: 0/0
  4346 | Sewer    | Learned a level 2 spell: Poisonous Vapours
  4601 | Sewer    | Found a viscous altar of Jiyva.
  4878 | D:4      | Found a blossoming altar of Fedhas.
  5820 | D:5      | Entered Level 5 of the Dungeon
  5820 | D:5      | Found a shadowy altar of Dithmenos.
  5820 | D:5      | Found a basalt altar of Yredelemnul.
  5820 | D:5      | Found a hide-covered altar of Uskayaw.
  5820 | D:5      | Found an iron altar of Okawaru.
  5824 | D:5      | Reached skill level 7 in Spellcasting
  5824 | D:5      | Reached XP level 8. HP: 28/50 MP: 0/0
  5998 | D:5      | Mangled by a gnoll sergeant

Illustrated notes

Levels and vault maps discovered:
D:1:      saegor_arrival_simple_d, layout_rooms, eino_curves_01
D:2:      layout_basic, shapermc_ecumenical_altar_mp_urbaneastern,
          lemuel_flame_loot_1
D:3:      layout_loops_ring, serial_shops, shop, amcnicky_mini_corridor_feature,
          kennysheep_generic_room_3
D:4:      layout_loops_cross, nicolae_tso_swordbearing_angel,
          mainiacjoe_overflow_catwalk, lightli_sewer_entry_pipes,
          chequers_avenue
D:5:      layout_loops_ring, grunt_temple_overflow_open,
          minmay_temple_entry_mist, uniq_crazy_yiuf_cottage, uniq_pikel,
          uniq_blork_the_orc

Skill      XL: |  1  2  3  4  5  6  7 |
---------------+----------------------+-----
Spellcasting   | 4 5 6 7 |  7.2
Dodging        | |  2.1
Stealth        | |  1.5

Action                   |  1- 3 |  4- 6 |  7- 9 || total
-------------------------+-------+-------+-------++-------
Melee: Whip              |    26 |       |       ||    26
       Spear             |     6 |    53 |    30 ||    89
       Punch             |     1 |     2 |       ||     3
 Cast: Summon Small Mamm |    19 |     2 |     1 ||    22
       Call Imp          |    16 |    14 |    16 ||    46
       Call Canine Famil |     2 |    17 |    16 ||    35
       Summon Lightning  |       |       |     2 ||     2
  Use: Scroll            |       |     5 |       ||     5
 Stab: Sleeping          |     1 |     3 |     2 ||     6
       Distracted        |       |     2 |     2 ||     4
Armor: Robe              |     5 |     5 |     4 ||    14
Dodge: Dodged            |    29 |    23 |    12 ||    64
